 Dungeon Crawl Stone Soup version 0.27-a0-1381-g81fdcbfb23 (webtiles) character file.

Game seed: 9513990290913169195

3943 Nattfarinn the Fighter (level 10, -4/76 HPs)
             Began as an Octopode Venom Mage on June 30, 2021.
             Was an Initiate of Gozag.
             Slain by an unseen horror (10 damage)
             ... on level 7 of the Dungeon.
             The game lasted 00:31:28 (14911 turns).

Nattfarinn the Fighter (Octopode Venom Mage)       Turns: 14911, Time: 00:31:29

Health: -4/76      AC:  3    Str:  5 (8)  XL:     10   Next: 21%
Magic:  28/28      EV: 15    Int: 20 (21) God:    Gozag
Gold:   448        SH:  0    Dex: 11 (12) Spells: 10/21 levels left

rFire    + . .     SeeInvis .   (no weapon)
rCold    + . .     Faith    .   (no shield)
rNeg     + . .     Spirit   .   u - +2 hat
rPois    +         Reflect  .   (no amulet)
rElec    +         Harm     .   j - ring of wizardry
rCorr    +         Rampage  .   r - ring of poison resistance
Will     .....                  y - ring of positive energy
Stlth    +++.......             p - ring of magical power
HPRegen  0.22/turn              (no ring)
MPRegen  0.21/turn              (no ring)
                                (no ring)
                                (no ring)

@: resistant, hasted, very quick
A: almost no armour, amphibious, 8 rings, camouflage 1, gelatinous body 1,
(nimble swimmer 1), tentacles
a: Renounce Religion, Potion Petition, Call Merchant, Bribe Branch


You were on level 7 of the Dungeon.
You worshipped Gozag.
Gozag was aware of your devotion.
You visited 2 branches of the dungeon, and saw 8 of its levels.
You also visited: Ossuary.

You collected 548 gold pieces.
You paid 100 gold pieces to Gozag.

Inventory:

Armour
 u - a +2 hat (worn)
Jewellery
 j - a ring of wizardry (left tentacle)
 p - a ring of magical power (on tentacle)
 r - a ring of poison resistance (right tentacle)
 y - a ring of positive energy (on tentacle)
Wands
 k - a wand of flame (34)
 v - a wand of acid (11)
Scrolls
 a - a scroll of holy word {unknown}
 c - 2 scrolls of enchant armour
 g - a scroll of amnesia {unknown}
 h - a scroll of torment {unknown}
 l - a scroll of vulnerability {unknown}
 m - a scroll of immolation {unknown}
 o - a scroll of silence {unknown}
 t - a scroll of acquirement {unknown}
 w - a scroll of blinking {unknown}
 x - 2 scrolls of identify
Potions
 b - 3 potions of flight
 d - a potion of degeneration
 f - 3 potions of mutation
 i - 3 potions of brilliance
 q - a potion of curing {unknown}
 s - a potion of attraction {unknown}
 z - a potion of heal wounds {unknown}


   Skills:
 * Level 10.2 Fighting
 + Level 7.5 Dodging
 - Level 2.6 Stealth
 - Level 6.1 Spellcasting
 - Level 1.0 Transmutations
 - Level 5.2 Poison Magic


You had 10 spell levels left.
You knew the following spells:

 Your Spells              Type           Power      Damage    Failure   Level
a - Sting                 Tmut/Pois      72%        1d6       1%          1
b - Poisonous Vapours     Pois/Air       32%        N/A       2%          2
c - Ignite Poison         Fire/Tmut/Pois 14%        N/A       5%          3
d - Olgreb's Toxic Radia  Pois           27%        N/A       4%          4
e - Foxfire               Conj/Fire      24%        2x1d5     4%          1

Your spell library contained the following spells:

 Spells                   Type           Power      Damage    Failure   Level
 Magic Dart               Conj           24%        1d4       4%          1
 Blink                    Tloc           N/A        N/A       6%          2
 Call Imp                 Summ           6%         N/A       6%          2
 Slow                     Hex            6%         N/A       6%          2
 Mephitic Cloud           Conj/Pois/Air  13%        N/A       6%          3
 Conjure Flame            Conj/Fire      6%         6-21      12%         3
 Inner Flame              Hex/Fire       6%         N/A       12%         3
 Sticky Flame             Conj/Fire      6%         2d3       38%         4
 Fireball                 Conj/Fire      3%         3d4       71%         5


Dungeon Overview and Level Annotations

Branches:
Dungeon (7/15)             Temple (1/1) D:6         Ossuary (visited)

Altars:
Ashenzari
Cheibriados
Dithmenos
Elyvilon
Gozag
Hepliaklqana
Kikubaaqudgha
Makhleb
Okawaru
Qazlal
Ru
Sif Muna
Trog
Uskayaw
Vehumet
Wu Jian
Xom
Yredelemnul

Annotations:
D:4 1 runed translucent door, Crazy Yiuf
D:5 2 transporters, philipeq's ghost, novice DsFi


Innate Abilities, Weirdness & Mutations

You cannot wear most types of armour.
You are amphibious.
You can wear up to eight rings at the same time.
Your skin changes colour to match your surroundings (Stealth+).
Your rubbery body absorbs attacks. (AC +1, EV +1)
((You are camouflaged near water. (Stealth+)))
You have tentacles for arms and can constrict up to eight enemies at once.


Message History

You constrict the howler monkey skeleton.
You destroy the howler monkey skeleton!
No target in view!
Your magical contamination has completely faded away.
You now have 435 gold pieces (gained 11).
Things that are here:
a +0 dagger; a +0 robe You now have 442 gold pieces (gained 7).
You see here a +0 mace.
Items here: ( )) [[.
You now have 448 gold pieces (gained 6).
Things that are here:
a +0 hand axe; a +0 leather armour Something hits you.
Deactivating autopickup; reactivate with Ctrl-A.
Something completely misses you. Something hits you but does no damage.
Something hits you!
You tentacle-slap something but do no damage.
Something hits you but does no damage.
You barely miss something. Something hits you! Something barely misses you.
Something hits you. x2
You miss something. Something hits you. x2
You closely miss something. Something hits you. Something hits you!
You miss something. Something hits you! Something hits you but does no damage.
It was a potion of degeneration.
There was something very wrong with that liquid.
You feel weakened.
You feel dopey.
You feel clumsy. Something hits you.
It was a potion of resistance.
You feel protected. Something hits you!
* * * LOW HITPOINT WARNING * * *
Something hits you!
* * * LOW HITPOINT WARNING * * *
Okay, then.
It was a potion of haste.
You feel yourself speed up. Something hits you!
You die...
Your body crumbles into a pile of gold.

#### .... .. ..# ##... ..
..#### #.... . .....# # #
#...#.# #.##.# #.#.#...#.
#.##.# ....?.... #.##.#
#.......#######.##.##
#...........@.......#
#.....###..####.#...########
#.... #..###.............#
###. #..##..........###.## #
#............#.)....# # ##
##.##......#<..###..# . ..
#.#......))..## #..# .#.#
#.#.#.#.#)#### #... .5.
###....###..# #.#.


There were no monsters in sight!

Vanquished Creatures
  An ugly thing (D:6)
  6 yaks (D:6)
  Menkaure (Ossuary)
  2 sky beasts
  An orc warrior (D:7)
  A necrophage (D:5)
  2 ice beasts
  5 ogres
  A centaur (D:7)
  2 phantoms
  4 bullfrogs
  A scorpion (D:4)
  A water moccasin skeleton (D:4)
  4 wights
  2 centaur zombies
  5 hounds
  2 centaur skeletons
  3 orc priests
  An iguana (D:4)
  Ijyb (D:3)
  2 orc wizards
  A hound skeleton (D:4)
  3 mummies (Ossuary)
  A howler monkey skeleton (D:7)
  14 gnolls
  7 adders
  A shadow imp (D:5)
  3 white imps (D:7)
  A worm (D:2)
  4 dart slugs
  7 orcs
  8 ball pythons
  8 endoplasms
  2 giant cockroaches
  5 gnoll zombies (Ossuary)
  8 goblins
  8 hobgoblins
  2 jackals (D:1)
  3 quokkas
  10 bats
  2 frilled lizards
  6 gnoll skeletons (Ossuary)
  6 goblin skeletons (Ossuary)
  2 goblin zombies (Ossuary)
  4 hobgoblin skeletons (Ossuary)
  3 hobgoblin zombies (Ossuary)
  5 kobolds
  5 kobold skeletons (Ossuary)
  5 kobold zombies (Ossuary)
  5 orc zombies (Ossuary)
  6 rats
  3 rat skeletons (Ossuary)
  3 rat zombies (Ossuary)
199 creatures vanquished.

Vanquished Creatures (collateral kills)
  3 foxfires (D:4)
3 creatures vanquished.

Vanquished Creatures (others)
  A goblin zombie (Ossuary)
  A hobgoblin zombie (Ossuary)
  A rat skeleton (Ossuary)
  430 foxfires
  A fungus (D:4)
434 creatures vanquished.

Grand Total: 636 creatures vanquished

Notes
Turn   | Place    | Note
-------+----------+-------------------------------------------
     0 | D:1      | Nattfarinn the Octopode Venom Mage began the quest for the
                  | Orb.
     0 | D:1      | Reached XP level 1. HP: 11/11 MP: 3/3
   336 | D:1      | Found a faded altar of an unknown god.
   443 | D:1      | Reached XP level 2. HP: 17/17 MP: 1/5
  1206 | D:1      | Learned a level 2 spell: Poisonous Vapours
  1244 | D:2      | Reached XP level 3. HP: 21/21 MP: 4/6
  1277 | D:2      | Reached skill level 5 in Poison Magic
  1358 | D:2      | Learned a level 3 spell: Ignite Poison
  1734 | D:2      | Reached XP level 4. HP: 15/27 MP: 0/7
  3169 | D:3      | Found a snail-covered altar of Cheibriados.
  3177 | D:3      | Reached XP level 5. HP: 4/31 MP: 8/10
  3444 | D:2      | Learned a level 4 spell: Olgreb's Toxic Radiance
  3553 | D:3      | Noticed Ijyb
  3557 | D:3      | Killed Ijyb
  4763 | D:3      | Learned a level 1 spell: Foxfire
  4816 | D:4      | Reached XP level 6. HP: 24/36 MP: 8/13
  4843 | D:4      | Found a sand-covered staircase.
  4860 | Ossuary  | Entered an ossuary
  6227 | Ossuary  | Reached skill level 5 in Spellcasting
  6577 | Ossuary  | Noticed Menkaure
  6587 | Ossuary  | Killed Menkaure
  7463 | D:4      | Reached XP level 7. HP: 41/41 MP: 10/16
  7619 | D:4      | Reached skill level 1 in Fighting
  8046 | D:4      | Reached skill level 2 in Fighting
  8472 | D:4      | Found a runed translucent door.
  8473 | D:4      | Noticed Crazy Yiuf
  8779 | D:4      | Reached skill level 3 in Fighting
  9646 | D:5      | Entered Level 5 of the Dungeon
  9722 | D:5      | Found a transporter.
  9732 | D:5      | Noticed philipeq's ghost (novice DsFi)
  9838 | D:5      | Reached skill level 4 in Fighting
  9838 | D:5      | Reached XP level 8. HP: 35/54 MP: 9/17
 10233 | D:5      | Found a hazy altar of Hepliaklqana.
 10407 | D:5      | Reached skill level 5 in Fighting
 10471 | D:5      | Found a transporter.
 10940 | D:5      | Reached skill level 6 in Fighting
 11492 | D:6      | Noticed a yak
 11493 | D:6      | Noticed a yak
 11494 | D:6      | Noticed a yak
 11496 | D:6      | Noticed a yak
 11501 | D:6      | Killed a yak
 11502 | D:6      | Reached skill level 5 in Dodging
 11509 | D:6      | Killed a yak
 11509 | D:6      | Noticed a yak
 11510 | D:6      | Reached skill level 7 in Fighting
 11510 | D:6      | Reached XP level 9. HP: 64/64 MP: 2/18
 11794 | D:6      | Reached skill level 8 in Fighting
 12853 | D:6      | Noticed a cyan ugly thing
 12859 | D:6      | Killed a cyan ugly thing
 12860 | D:6      | Reached skill level 9 in Fighting
 13147 | D:6      | Found a burning altar of Makhleb.
 13182 | D:6      | Found a staircase to the Ecumenical Temple.
 13344 | Temple   | Entered the Ecumenical Temple
 13399 | Temple   | Became a worshipper of Gozag Ym Sagoz the Greedy
 13622 | D:6      | You fall into a shaft and drop 1 floor!
 13800 | D:7      | Reached XP level 10. HP: 74/74 MP: 12/19
 14089 | D:7      | Reached skill level 10 in Fighting
 14911 | D:7      | Slain by an unseen horror

Illustrated notes

Levels and vault maps discovered:
D:1:      scummos_arrival_gate, layout_loops_ring,
          shapermc_ecumenical_altar_venn
D:2:      layout_loops_ring, minmay_pentomino_pile
D:3:      layout_basic, kennysheep_slug_shrine, uniq_ijyb
D:4:      layout_loops_corners, lightli_ossuary_entry_decrepit_ruins,
          serial_co_window_serial, co_window_paths_b, co_window_corner_a,
          co_window_corner_a, co_window_corner_a, co_window_cross_1,
          co_window_of_opportunity_a, co_window_corner_a, co_window_corner_b,
          co_window_broadway_c, co_window_of_opportunity_b, dk_noncrumbling_3,
          hangedman_decor_clover_reticule, kennysheep_small_circle,
          uniq_crazy_yiuf_cottage
D:5:      layout_basic, nzn_hepliaklqana_mist_gate, gammafunk_ghost_stat_death
D:6:      layout_basic, minmay_temple_entry_proselytizer,
          hangedman_feature_mirror, minmay_misc_feat_hallway
D:7:      layout_loops_ring
Temple:   eino_wide_crystal_templ

Skill      XL: |  1  2  3  4  5  6  7  8  9 10 |
---------------+-------------------------------+-----
Poison Magic   | 4 5 |  5.2
Spellcasting   | 3 4 6 |  6.1
Fighting       | 4 7 9 10 | 10.2
Dodging        | 3 5 7 |  7.5
Stealth        | |  2.6
Transmutations | |  1.0

Action                   |  1- 3 |  4- 6 |  7- 9 | 10-12 || total
-------------------------+-------+-------+-------+-------++-------
Melee: Unarmed           |    20 |   147 |   140 |    19 ||   326
       Constrict         |     4 |    34 |    15 |     5 ||    58
       Tentacles         |     2 |    25 |    26 |     3 ||    56
 Cast: Sting             |    51 |    32 |    32 |    11 ||   126
       Ignite Poison     |     1 |     3 |    21 |     3 ||    28
       Poisonous Vapours |       |    28 |    22 |     3 ||    53
       Olgreb's Toxic Ra |       |     1 |    16 |     3 ||    20
       Foxfire           |       |   157 |    80 |    39 ||   276
Evoke: Wand              |       |     4 |     3 |     1 ||     8
  Use: Scroll            |       |     4 |     3 |     1 ||     8
       Potion            |       |       |     1 |     3 ||     4
 Stab: Sleeping          |       |     1 |     1 |       ||     2
       Paralysed         |       |     7 |    11 |       ||    18
Armor: Skin              |     1 |    15 |    21 |     5 ||    42
Dodge: Dodged            |    17 |    97 |   162 |    22 ||   298

Table legend: (Time is in decaauts)
 A = Elapsed time spent in this place.
 B = Non-inter-level travel time spent in this place.
 C = Inter-level travel time spent in this place.
 D = Time resting spent in this place.
 E = Time spent auto-exploring this place.
 F = Levels seen in this place.
 G = Mean time per level.
                   A        B        C        D        E       F      G
               +--------+--------+--------+--------+--------+-----+--------+
         Total |  14913 |  14398 |    515 |   3543 |   8757 |   9 | 1657.0 |
       Dungeon |  12534 |  12038 |    496 |   2654 |   7815 |   7 | 1790.6 |
        Temple |     62 |     43 |     19 |      0 |     42 |   1 |   62.0 |
       Ossuary |   2316 |   2316 |      0 |    889 |    900 |   1 | 2316.0 |
               +--------+--------+--------+--------+--------+-----+--------+

Top non-repeatable levels by time:
 Ossuary: 2316 daAuts
     D:3: 2312 daAuts
     D:4: 2220 daAuts
     D:5: 2092 daAuts
     D:6: 1822 daAuts
     D:2: 1402 daAuts
     D:1: 1395 daAuts
     D:7: 1287 daAuts
  Temple: 62 daAuts
